 Dungeon Crawl Stone Soup version 0.27-a0-1137-g3ef0f4ec91 (webtiles) character file.

Game seed: 4430146105833676334

63 DasRunzen the Ducker (level 3, -5/28 HPs)
             Began as a Demonspawn Gladiator on May 6, 2021.
             Slain by a river rat (6 damage)
             ... on level 3 of the Dungeon.
             The game lasted 00:02:24 (2141 turns).

DasRunzen the Ducker (Demonspawn Gladiator)         Turns: 2141, Time: 00:02:26

Health: -5/28      AC:  4    Str: 14    XL:     3   Next: 89%
Magic:  3/3        EV: 12    Int: 10    God:
Gold:   43         SH:  0    Dex: 14    Spells: 2/2 levels left

rFire    . . .     SeeInvis .   a - +0 trident
rCold    . . .     Faith    .   (no shield)
rNeg     . . .     Spirit   .   b - +0 leather armour
rPois    .         Reflect  .   (helmet restricted)
rElec    .         Harm     .   (no cloak)
rCorr    .         Rampage  .   e - +0 pair of gloves
Will     .....                  (no boots)
Stlth    +.........             (no amulet)
HPRegen  0.09/turn              (no ring)
MPRegen  0.08/turn              (no ring)

@: no status effects
A: horns 1
a: no special abilities


You were on level 3 of the Dungeon.
You visited 1 branch of the dungeon, and saw 3 of its levels.

You collected 43 gold pieces.

Inventory:

Hand Weapons
 a - a +0 trident (weapon)
Missiles
 d - 3 throwing nets (quivered)
Armour
 b - a +0 leather armour (worn)
 e - a +0 pair of gloves (worn)
Jewellery
 l - a +4 ring of protection
Scrolls
 m - a scroll of teleportation
Potions
 f - a potion of flight
 i - a potion of lignification {unknown}
 j - a potion of curing {unknown}
 k - a potion of brilliance {unknown}


   Skills:
 + Level 2.9 Fighting
 + Level 3.3 Polearms
 - Level 1.7 Throwing
 + Level 3.3 Dodging


You had 2 spell levels left.
You didn't know any spells.
Your spell library was empty.

Dungeon Overview and Level Annotations

Branches:
Dungeon (3/15)

Altars:
Uskayaw

Shops:
D:1 (


Innate Abilities, Weirdness & Mutations

You have a pair of small horns on your head.


Message History

You feel sick. The adder completely misses you. The adder bites you.
* * * LOW HITPOINT WARNING * * *
You are lethally poisoned!
The adder poisons you!
You miss the adder. Your headbutt misses the adder.
The adder is heavily wounded.
* * * LOW HITPOINT WARNING * * *
You feel sick. The adder bites you but does no damage.
You puncture the adder!
You kill the adder!
* * * LOW HITPOINT WARNING * * *
You feel sick.
You are confused.
You feel invigorated.
You feel sick.
The river rat twitches its whiskers.
The river rat barely misses you.
You bump into the rock wall.
You feel sick. The river rat barely misses you.
You puncture the river rat! Your headbutt misses the river rat.
The river rat is severely wounded.
You hear the slow rusting of a distant drain.
You feel sick. The river rat bites you.
You bump into the rock wall.
You feel less invigorated.
You feel less confused.
You feel sick. The river rat bites you.
You closely miss the river rat.
You headbutt the river rat, but do no damage.
The river rat is heavily wounded.
You feel sick.
You are no longer poisoned.
The river rat barely misses you.
You barely miss the river rat. Your headbutt misses the river rat.
The river rat is heavily wounded.
The river rat bites you.
You hit the river rat.
You headbutt the river rat, but do no damage.
The river rat is severely wounded.
The river rat bites you!
* * * LOW HITPOINT WARNING * * *
The river rat bites you.
You die...

#≈#................
#≈≈≈...............
#≈#≈...............
#≈≈≈≈..............
#≈#≈...........#...
#≈#≈.............. ≈
#...........## #
#..........w#########
##########.rr@.......
############


You could see a worm, a river rat and a rat.

Vanquished Creatures
  3 adders
  2 worms (D:2)
  A dart slug (D:1)
  7 endoplasms
  2 giant cockroaches
  2 goblins (D:1)
  2 hobgoblins
  A kobold (D:1)
  4 ball pythons
  A frilled lizard (D:2)
  4 rats
29 creatures vanquished.

Notes
Turn   | Place    | Note
-------+----------+-------------------------------------------
     0 | D:1      | DasRunzen the Demonspawn Gladiator began the quest for the
                  | Orb.
     0 | D:1      | Reached XP level 1. HP: 16/16 MP: 1/1
   446 | D:1      | Gained mutation: You have a pair of small horns on your
                  | head. [demonic ancestry]
   446 | D:1      | Reached XP level 2. HP: 18/22 MP: 2/2
   659 | D:1      | Found Nymmol's Antique Weapon Boutique.
  1165 | D:2      | Found a hide-covered altar of Uskayaw.
  1381 | D:2      | Reached XP level 3. HP: 28/28 MP: 3/3
  2141 | D:3      | HP: 1/28 [river rat (8)]
  2141 | D:3      | Slain by a river rat

Illustrated notes

Levels and vault maps discovered:
D:1:      dpeg_arrival_windows_large_door, layout_basic, serial_shops,
          nicolae_shop_temple_entry_statues_fountains
D:2:      layout_basic, basic_altar, minivault_11, hangedman_decor_lopped
D:3:      layout_basic, ebering_ghost_gozag, serial_shops, shop,
          ebering_ecumenical_altar_webs, lightli_sewer_entry_pipes

Skill      XL: |  1  2 |
---------------+-------+-----
Dodging        | 3 |  3.3
Polearms       | 3 |  3.3
Fighting       | |  2.9
Throwing       | |  1.7

Action                   || total
-------------------------++-------
Melee: Trident           ||   107
       Headbutt          ||     9
  Use: Scroll            ||     5
       Potion            ||     2
 Stab: Sleeping          ||     2
Armor: Leather armour    ||     9
Dodge: Dodged            ||    38

Table legend: (Time is in decaauts)
 A = Elapsed time spent in this place.
 B = Non-inter-level travel time spent in this place.
 C = Inter-level travel time spent in this place.
 D = Time resting spent in this place.
 E = Time spent auto-exploring this place.
 F = Levels seen in this place.
 G = Mean time per level.
                   A        B        C        D        E       F      G
               +--------+--------+--------+--------+--------+-----+--------+
         Total |   2155 |   2093 |     62 |      0 |   1813 |   3 |  718.3 |
       Dungeon |   2155 |   2093 |     62 |      0 |   1813 |   3 |  718.3 |
               +--------+--------+--------+--------+--------+-----+--------+

Top non-repeatable levels by time:
     D:1: 1159 daAuts
     D:2: 942 daAuts
     D:3: 54 daAuts
